 Dungeon Crawl Stone Soup version 0.23.2 (webtiles) character file.

Game seed: 7202788986481597918

431 Menchi the Skirmisher (level 6, 0/56 HPs)
             Began as a Ghoul Fighter on Apr 7, 2019.
             Slain by a howler monkey (5 damage)
             ... on level 4 of the Dungeon.
             The game lasted 00:05:42 (2222 turns).

Menchi the Skirmisher (Ghoul Fighter)               Turns: 2222, Time: 00:05:43

Health: 0/56       AC: 14    Str: 21    XL:     6   Next: 99%
Magic:  5/5        EV: 10    Int:  4    God:
Gold:   127        SH:  0    Dex:  8    Spells: 5/5 levels left

rFire    + . .     SeeInvis .   n - +2 short sword (protect)
rCold    + + .     Gourm    .   (no shield)
rNeg     + + +     Faith    .   b - +0 scale mail
rPois    ∞         Spirit   .   (no helmet)
rElec    +         Reflect  .   (no cloak)
rCorr    +         Harm     .   g - +0 pair of gloves
MR       .....                  (no boots)
Stlth    ..........             (no amulet)
HPRegen  0.00/turn              (no ring)
MPRegen  0.09/turn              (no ring)

@: resistant, protection aura, rotting, hasted, very quick
A: rotting body, claws 1, carnivore, cold resistance 1, negative energy
resistance 3, inhibited regeneration, torment resistance, unbreathing
a: no special abilities


You were on level 4 of the Dungeon.
You were not hungry.

You visited 1 branch of the dungeon, and saw 4 of its levels.

You collected 127 gold pieces.

Inventory:

Hand Weapons
 a - a +0 long sword
 n - a +2 short sword of protection (weapon)
Armour
 b - a +0 scale mail (worn)
 g - a +0 pair of gloves (worn)
Wands
 d - a wand of random effects (27)
Scrolls
 c - a scroll of random uselessness
 l - 2 scrolls of fear {unknown}
 m - a scroll of enchant armour {unknown}
 o - a scroll of blinking {unknown}
Potions
 h - 2 potions of resistance
Comestibles
 f - 5 rations


   Skills:
 * Level 5.6 Fighting
 * Level 4.6 Long Blades
 - Level 2.6 Armour
 * Level 2.3 Dodging
   Level 2.6 Shields


You had 5 spell levels left.
You didn't know any spells.
Your spell library was empty.

Dungeon Overview and Level Annotations

Branches:
Dungeon (4/15)
 Temple: D:4-7

Altars:
Elyvilon
Kikubaaqudgha
Qazlal
Xom


Innate Abilities, Weirdness & Mutations

Your body is rotting away.
You thrive on raw meat.
You are immune to poison.
You have sharp fingernails.
You are carnivorous and can eat meat at any time.
Your flesh is cold resistant. (rC+)
You are immune to negative energy. (rN+++)
You do not regenerate when monsters are visible.
You are immune to unholy pain and torment.
You can survive without breathing.


Message History

You puncture the howler monkey!
The howler monkey is moderately wounded.
You hit the howler monkey but do no damage.
The howler monkey is moderately wounded.
The howler monkey hoots and howls with incredible vigour!
You puncture the howler monkey!
The howler monkey is severely wounded.
The howler monkey hoots and howls with incredible vigour!
You hear a shout!
Your magical contamination has completely faded away.
You closely miss the howler monkey.
The howler monkey is severely wounded.
The howler monkey hits you.
* * * LOW HITPOINT WARNING * * *
You barely miss the howler monkey.
The howler monkey is severely wounded.
As you read the scroll labeled CETHAUVYTZ, it crumbles to dust.
The creatures around you are filled with an inner flame!
It was a scroll of immolation.
The howler monkey hits you.
You die...

.. .# #. ... ##.##
#.# # .... #.##
##% #... ... ..l
##.###.#.##.##.#
.......##o#.#.####
#.@hlo......#
#.####.####.# #.
##†####.# #.
#oso...#. #.
#..####.# #. #..#
.# #. #!.####.# #.
#.)†..<.#
#....?.).s..#


You could see a howler monkey (inner flame), an iguana (inner flame) and 2 orcs.

Vanquished Creatures
  Sigmund (D:2)
  An orc priest (D:4)
  Crazy Yiuf (D:3)
  An orc wizard (D:4)
  Jessica (D:3)
  Terence (D:2)
  3 gnolls (D:3)
  5 adders
  An ooze (D:1)
  5 worms
  2 leopard geckos
  4 orcs
  2 giant cockroaches
  5 goblins
  2 hobgoblins (D:2)
  4 jackals (D:4)
  A quokka (D:2)
  A ball python (D:1)
  3 bats (D:3)
  4 kobolds
  6 rats
54 creatures vanquished.

Notes
Turn   | Place    | Note
-------+----------+-------------------------------------------
     0 | D:1      | Menchi the Ghoul Fighter began the quest for the Orb.
     0 | D:1      | Reached XP level 1. HP: 19/19 MP: 0/0
   319 | D:1      | Reached XP level 2. HP: 26/26 MP: 1/1
   670 | D:1      | You fall through a shaft!
   869 | D:2      | Noticed Terence
   883 | D:2      | Killed Terence
   883 | D:2      | Reached skill level 4 in Fighting
   883 | D:2      | Reached skill level 1 in Dodging
   883 | D:2      | Reached XP level 3. HP: 14/33 MP: 2/2
  1253 | D:2      | Noticed Sigmund
  1261 | D:2      | Killed Sigmund
  1261 | D:2      | Reached skill level 5 in Fighting
  1261 | D:2      | Reached XP level 4. HP: 42/42 MP: 3/3
  1261 | D:2      | Reached XP level 5. HP: 48/48 MP: 4/4
  1332 | D:2      | Found an ornate altar of the Wu Jian Council.
  1334 | D:2      | Found an ancient bone altar of Kikubaaqudgha.
  1334 | D:2      | Found a white marble altar of Elyvilon.
  1341 | D:2      | Found a burning altar of Makhleb.
  1341 | D:2      | Found a shimmering altar of Xom.
  1341 | D:2      | Found a stormy altar of Qazlal.
  1491 | D:2      | Reached XP level 6. HP: 49/56 MP: 5/5
  1719 | D:3      | Found a runed translucent door.
  1720 | D:3      | Noticed Crazy Yiuf
  1823 | D:3      | Noticed Jessica
  1841 | D:3      | Killed Jessica
  2120 | D:3      | Killed Crazy Yiuf
  2222 | D:4      | Slain by a howler monkey

Skill      XL: |  1  2  3  4  5  6 |
---------------+-------------------+-----
Long Blades    | 2 3 4 |  4.6
Fighting       | 4 5 |  5.6
Dodging        | 1 2 |  2.3
Armour         | |  2.6
Shields        | |  2.6

Action                   |  1- 3 |  4- 6 || total
-------------------------+-------+-------++-------
Melee: Long sword        |    47 |    40 ||    87
       Short sword       |       |   122 ||   122
Evoke: Wand              |       |     1 ||     1
  Use: Potion            |     1 |     4 ||     5
       Scroll            |       |     3 ||     3
 Stab: Invisible         |       |     1 ||     1
  Eat: Chunk             |     8 |     4 ||    12
Armor: Scale mail        |    12 |   117 ||   129
Dodge: Dodged            |    17 |   107 ||   124
       Rpst.: Long sword |     7 |     7 ||    14
